AoeStats
← evilbanane

Arena

509883172Analyzed
1v1 RM · 4d ago on Sep 28, 2026· 28m 43s· 2 players
Game mode
Random Map
Map size
Tiny (2 player)
Population
200
Speed
Normal
Resources
Standard
Victory
Conquest
Starting age
Dark Age
Ending age
Imperial Age
RankedLock teamsTeams togetherTeam positionsShared explorationLock speedFull tech treeHidden civsTurbo modeCheats
Victory
Defeat
🇺🇸 Turks · United States
731
+18
🇩🇪 Britons · Germany
768
-18
KINDSOUL
11:20 Feudal Age
16:42 Castle Age
15:38 Loom
16:43 Horse Collar
18:17 Double-Bit Axe
22:36 Padded Archer Armor
evilbanane
8:27 Loom
11:14 Feudal Age
15:27 Castle Age
13:16 Horse Collar
13:56 Double-Bit Axe
15:36 Wheelbarrow
16:22 Town Watch
24:30 Fletching
26:04 Bodkin Arrow
28:19 Scale Barding Armor
28:25 Forging
Connection lost

Rejoining the realm…

Still unreachable

The connection could not be restored.

Session expired

The server has moved on; the page needs a fresh start.